IL
OKLAHOMA CITY DODGERS @ MEMPHIS REDBIRDS
09/06/2049
 
TOP OF THE 1ST
Oklahoma City Dodgers batting - Pitching for Memphis Redbirds : RHP Nick Mistretta
Pitching: RHP Nick Mistretta
Batting: RHB Jose Ramirez 0-0: Ball
1-0: Ball
2-0: Foul Ball, location: 2F
2-1: Ball
3-1: Foul Ball, location: 2F
3-2: SINGLE (Groundball, 6MS, EV 67.5 MPH) (infield hit)
Batting: RHB Theo Schepers 0-0: Called Strike
0-1: Foul Ball, location: 2F
0-2: Fielders Choice at 2nd, 6-4 (Groundball, 6, EV 85.6 MPH)
Batting: LHB Steve Pond 0-0: Called Strike
0-1: Called Strike
0-2: Ball
1-2: Strikes out swinging
Batting: RHB Carlos Gonzalez 0-0: Ball
1-0: Ball
Theo Schepers steals 2nd base
2-0: Foul Ball, location: 2F
2-1: Called Strike
2-2: Foul Ball, location: 2F
2-2: Ball
3-2: SINGLE (Groundball, 6D, EV 103.8 MPH)
Theo Schepers to third
Runner from 3rd tries for Home, SAFE, throw by CF to home
Batting: RHB Tommy Hunter 0-0: Ball
1-0: Ball
2-0: Ball
3-0: Called Strike
3-1: Base on Balls
Carlos Gonzalez to second
Batting: RHB Alex Cid 0-0: Ball
1-0: Ball
2-0: Ball
3-0: Base on Balls
Carlos Gonzalez to third
Tommy Hunter to second
Batting: LHB Doug Frampton 0-0: Ball
1-0: Ground out 4-3 (Groundball, 34, EV 103.8 MPH)
Top of the 1st over - 1 run, 2 hits, 0 errors, 3 left on base; Oklahoma City 1 - Memphis 0
BOTTOM OF THE 1ST
Memphis Redbirds batting - Pitching for Oklahoma City Dodgers : LHP Elijah McLeod
Pitching: LHP Elijah McLeod
Batting: RHB Mark Cahill 0-0: Called Strike
0-1: Ball
1-1: Ground out 4-3 (Groundball, 4, EV 81.2 MPH)
Batting: RHB Andres Mendiola 0-0: Ground out 5-3 (Groundball, 56, EV 86.2 MPH)
Batting: RHB McGwire Jones 0-0: Ball
1-0: Ball
2-0: Ball
3-0: Called Strike
3-1: DOUBLE (Line Drive, 7LS, EV 113.8 MPH)
Batting: RHB Pablo Nunez 0-0: Ball
1-0: Called Strike
1-1: Ball
2-1: Foul Ball, location: 2F
2-2: Strikes out looking
Bottom of the 1st over - 0 runs, 1 hit, 0 errors, 1 left on base; Oklahoma City 1 - Memphis 0
TOP OF THE 2ND
Oklahoma City Dodgers batting - Pitching for Memphis Redbirds : RHP Nick Mistretta
Batting: LHB Darrell Ortega 0-0: SOLO HOME RUN (Flyball, 9D, EV 93.8 MPH), Distance : 366 ft
Batting: RHB Rick Pittman 0-0: Ground out 1-3 (Groundball, 13S, EV 76.9 MPH)
Batting: RHB Jose Ramirez 0-0: Ball
1-0: Called Strike
1-1: Ball
2-1: SINGLE (Groundball, 5D, EV 105.0 MPH)
Batting: RHB Theo Schepers 0-0: Ball
1-0: Called Strike
1-1: Foul Ball, location: 2F
1-2: Strikes out swinging
Batting: LHB Steve Pond 0-0: Called Strike
0-1: Ball
1-1: Ball
2-1: SINGLE (Groundball, 4MD, EV 105.0 MPH)
Jose Ramirez to second
Batting: RHB Carlos Gonzalez 0-0: Ball
1-0: Swinging Strike
1-1: Swinging Strike
1-2: Strikes out swinging
Top of the 2nd over - 1 run, 3 hits, 0 errors, 2 left on base; Oklahoma City 2 - Memphis 0
BOTTOM OF THE 2ND
Memphis Redbirds batting - Pitching for Oklahoma City Dodgers : LHP Elijah McLeod
Batting: RHB Fabrice Bertin 0-0: Ball
1-0: Swinging Strike
1-1: SINGLE (Line Drive, 56D, EV 93.8 MPH)
Batting: RHB Dan Boykins 0-0: Fly out, F9 (Flyball, 9LS, EV 86.2 MPH)
Batting: RHB Joe LaDue 0-0: Ball
1-0: Ball
Fabrice Bertin steals 2nd base
2-0: Ball
3-0: Base on Balls
Batting: LHB Adam Eisen 0-0: Swinging Strike
0-1: Fly out, F8 (Line Drive, 8LD, EV 91.2 MPH)
Batting: LHB Tsutomu Miyahara 0-0: Ball
1-0: Foul Ball, location: 2F
1-1: Foul Ball, location: 2F
1-2: Strikes out swinging
Bottom of the 2nd over - 0 runs, 1 hit, 0 errors, 2 left on base; Oklahoma City 2 - Memphis 0
TOP OF THE 3RD
Oklahoma City Dodgers batting - Pitching for Memphis Redbirds : RHP Nick Mistretta
Batting: RHB Tommy Hunter 0-0: Called Strike
0-1: Foul Ball, location: 2F
0-2: Foul Ball, location: 2F
0-2: Foul Ball, location: 2F
0-2: Ball
1-2: Foul Ball, location: 2F
1-2: Ground out 5-3 (Groundball, 5S, EV 73.8 MPH)
Batting: RHB Alex Cid 0-0: Ball
1-0: Foul Ball, location: 2F
1-1: Called Strike
1-2: Strikes out swinging
Batting: LHB Doug Frampton 0-0: Foul Ball, location: 2F
0-1: Swinging Strike
0-2: Ball
1-2: Ball
2-2: Ground out 3-1 (Groundball, 34S, EV 63.1 MPH)
Top of the 3rd over - 0 runs, 0 hits, 0 errors, 0 left on base; Oklahoma City 2 - Memphis 0
BOTTOM OF THE 3RD
Memphis Redbirds batting - Pitching for Oklahoma City Dodgers : LHP Elijah McLeod
Batting: RHB Mark Cahill 0-0: Ground out 5-3 (Groundball, 56S, EV 81.2 MPH)
Batting: RHB Andres Mendiola 0-0: Foul Ball, location: 2F
0-1: Fly out, F9 (Flyball, 89D, EV 98.8 MPH)
Batting: RHB McGwire Jones 0-0: Swinging Strike
0-1: Swinging Strike
0-2: Ball
1-2: Ball
2-2: DOUBLE (Groundball, 5L, EV 99.4 MPH)
Batting: RHB Pablo Nunez 0-0: Called Strike
0-1: Foul Ball, location: 2F
0-2: Foul Ball, location: 2F
0-2: Ball
1-2: Ground out 5-3 (Groundball, 5, EV 83.8 MPH)
Bottom of the 3rd over - 0 runs, 1 hit, 0 errors, 1 left on base; Oklahoma City 2 - Memphis 0
TOP OF THE 4TH
Oklahoma City Dodgers batting - Pitching for Memphis Redbirds : RHP Nick Mistretta
Batting: LHB Darrell Ortega 0-0: Swinging Strike
0-1: Swinging Strike
0-2: Ball
1-2: Strikes out swinging
Batting: RHB Rick Pittman 0-0: Ball
1-0: Ball
2-0: Ball
3-0: Called Strike
3-1: Base on Balls
Batting: RHB Jose Ramirez 0-0: Ball
1-0: Called Strike
1-1: Ball
2-1: Ball
3-1: Foul Ball, location: 2F
3-2: Strikes out swinging
Batting: RHB Theo Schepers 0-0: Ball
1-0: Ball
2-0: Called Strike
2-1: Ball
3-1: Foul Ball, location: 2F
3-2: Base on Balls
Rick Pittman to second
Batting: LHB Steve Pond 0-0: Called Strike
0-1: SINGLE (Groundball, 56, EV 108.1 MPH)
Rick Pittman to third
Theo Schepers to second
Runner from 3rd tries for Home, SAFE, throw by LF to home
Batting: RHB Carlos Gonzalez 0-0: Called Strike
0-1: Ball
1-1: SINGLE (Groundball, 4MD, EV 108.1 MPH)
Theo Schepers to third
Steve Pond to second
Runner from 3rd tries for Home, SAFE, throw by CF to home
Batting: RHB Tommy Hunter 0-0: Swinging Strike
0-1: Ball
1-1: Called Strike
1-2: Ball
2-2: Ball
3-2: Strikes out looking
Top of the 4th over - 2 runs, 2 hits, 0 errors, 2 left on base; Oklahoma City 4 - Memphis 0
BOTTOM OF THE 4TH
Memphis Redbirds batting - Pitching for Oklahoma City Dodgers : LHP Elijah McLeod
Batting: RHB Fabrice Bertin 0-0: Ball
1-0: Called Strike
1-1: Ball
2-1: DOUBLE (Groundball, 5L, EV 93.8 MPH)
Batting: RHB Dan Boykins 0-0: Called Strike
0-1: Ground out 5-3 (Groundball, 56, EV 85.6 MPH)
Batting: RHB Joe LaDue 0-0: Called Strike
0-1: Ball
1-1: Ball
2-1: Ball
3-1: DOUBLE (Flyball, 8LXD, EV 102.5 MPH)
Fabrice Bertin scores
Batting: LHB Adam Eisen 0-0: Ball
1-0: Ball
2-0: Called Strike
2-1: Ball
3-1: TRIPLE (Groundball, 5L, EV 103.1 MPH)
Joe LaDue scores
Batting: LHB Tsutomu Miyahara 0-0: Ball
1-0: Foul Ball, location: 2F
1-1: Fly out, F8 (Line Drive, 89D, EV 98.8 MPH)
Runner from 3rd tags up, SCORES, no throw by CF
Batting: RHB Mark Cahill 0-0: Ball
1-0: Called Strike
1-1: Ground out 5-3 (Groundball, 5S, EV 82.5 MPH)
Bottom of the 4th over - 3 runs, 3 hits, 0 errors, 0 left on base; Oklahoma City 4 - Memphis 3
TOP OF THE 5TH
Oklahoma City Dodgers batting - Pitching for Memphis Redbirds : RHP Nick Mistretta
Batting: RHB Alex Cid 0-0: Ball
1-0: Ball
2-0: Called Strike
2-1: Swinging Strike
2-2: Strikes out looking
Pitching: RHP Mike Tallerico
Batting: LHB Doug Frampton 0-0: Ball
1-0: Called Strike
1-1: Called Strike
1-2: Foul Ball, location: 2F
1-2: Ball
2-2: Strikes out swinging
Batting: LHB Darrell Ortega 0-0: Fly out, F7 (Flyball, 7, EV 72.5 MPH)
Top of the 5th over - 0 runs, 0 hits, 0 errors, 0 left on base; Oklahoma City 4 - Memphis 3
BOTTOM OF THE 5TH
Memphis Redbirds batting - Pitching for Oklahoma City Dodgers : LHP Elijah McLeod
Batting: RHB Andres Mendiola 0-0: Ball
1-0: Foul Ball, location: 2F
1-1: Foul Ball, location: 2F
1-2: Ball
2-2: SINGLE (Flyball, 78S, EV 89.4 MPH)
Batting: RHB McGwire Jones 0-0: Ball
Andres Mendiola is caught stealing 2nd base 2-4
1-0: Called Strike
1-1: Ball
2-1: Ball
3-1: SOLO HOME RUN (Line Drive, 7D, EV 98.1 MPH), Distance : 375 ft
Batting: RHB Pablo Nunez 0-0: Ball
1-0: SINGLE (Line Drive, 8LS, EV 86.9 MPH)
Batting: RHB Fabrice Bertin 0-0: Ball
1-0: Called Strike
1-1: Ball
2-1: Ball
3-1: Fly out, F7 (Flyball, 78M, EV 96.2 MPH)
Batting: RHB Dan Boykins 0-0: Ball
1-0: Ball
2-0: Swinging Strike
2-1: Called Strike
Pablo Nunez steals 2nd base
2-2: Ball
3-2: Fly out, F8 (Flyball, 8RXD, EV 98.1 MPH)
Bottom of the 5th over - 1 run, 3 hits, 0 errors, 1 left on base; Oklahoma City 4 - Memphis 4
TOP OF THE 6TH
Oklahoma City Dodgers batting - Pitching for Memphis Redbirds : RHP Mike Tallerico
Batting: RHB Rick Pittman 0-0: Ball
1-0: Ball
2-0: Ground out U3 (Groundball, 23, EV 86.9 MPH)
Batting: RHB Jose Ramirez 0-0: Ground out 6-3 (Groundball, 6MD, EV 105.6 MPH)
Batting: RHB Theo Schepers 0-0: Called Strike
0-1: Foul Ball, location: 2F
0-2: Foul Ball, location: 2F
0-2: Ball
1-2: Ball
2-2: Strikes out swinging
Top of the 6th over - 0 runs, 0 hits, 0 errors, 0 left on base; Oklahoma City 4 - Memphis 4
BOTTOM OF THE 6TH
Memphis Redbirds batting - Pitching for Oklahoma City Dodgers : LHP Elijah McLeod
Batting: RHB Joe LaDue 0-0: Foul Ball, location: 2F
0-1: Ball
1-1: Ball
2-1: Ground out 3-1 (Groundball, 34, EV 98.8 MPH)
Batting: LHB Adam Eisen 0-0: Swinging Strike
0-1: Fly out, F1 (Line Drive, P, EV 70.6 MPH)
Batting: LHB Tsutomu Miyahara 0-0: SINGLE (Groundball, 6M, EV 110.0 MPH) (infield hit)
Batting: RHB Mark Cahill 0-0: Ball
1-0: Called Strike
1-1: Called Strike
Tsutomu Miyahara steals 2nd base
1-2: Fly out, F4 (Popup, 4MD, EV 55.6 MPH)
Bottom of the 6th over - 0 runs, 1 hit, 0 errors, 1 left on base; Oklahoma City 4 - Memphis 4
TOP OF THE 7TH
Oklahoma City Dodgers batting - Pitching for Memphis Redbirds : RHP Mike Tallerico
Pitching: LHP Randolph Rayner
Batting: LHB Steve Pond 0-0: Called Strike
0-1: Called Strike
0-2: Ball
1-2: Ball
2-2: Strikes out swinging
Batting: RHB Carlos Gonzalez 0-0: Ball
1-0: Ball
2-0: SOLO HOME RUN (Flyball, 9LD, EV 90.6 MPH), Distance : 340 ft
Batting: RHB Tommy Hunter 0-0: Called Strike
0-1: Ball
1-1: Fly out, F9 (Flyball, 89M, EV 83.8 MPH)
Batting: RHB Alex Cid 0-0: Called Strike
0-1: Ball
1-1: Ball
2-1: Ball
3-1: Base on Balls
Batting: LHB Doug Frampton 0-0: Ball
1-0: Called Strike
1-1: Called Strike
1-2: Ground out 4-3 (Groundball, 4, EV 76.2 MPH)
Top of the 7th over - 1 run, 1 hit, 0 errors, 1 left on base; Oklahoma City 5 - Memphis 4
BOTTOM OF THE 7TH
Memphis Redbirds batting - Pitching for Oklahoma City Dodgers : LHP Elijah McLeod
Batting: RHB Andres Mendiola 0-0: Ground out 5-3 (Groundball, 5L, EV 90.0 MPH)
Pitching: RHP André Gaillard
Batting: RHB McGwire Jones 0-0: Ball
1-0: Ball
2-0: SINGLE (Line Drive, 3D, EV 100.0 MPH)
Batting: RHB Pablo Nunez 0-0: Ball
1-0: Swinging Strike
1-1: Ball
2-1: DOUBLE (Line Drive, 5D, EV 96.9 MPH)
McGwire Jones to third
Pinch Hitting: LHB Sam Britt 0-0: Ball
1-0: Ball
2-0: Called Strike
2-1: Foul Ball, location: 2F
2-2: Ground out 5-3 (Groundball, 56S, EV 92.5 MPH)
Batting: RHB Dan Boykins 0-0: TRIPLE (Flyball, 89XD, EV 91.2 MPH)
McGwire Jones scores
Pablo Nunez scores
Batting: RHB Joe LaDue 0-0: Ball
1-0: Ball
2-0: Ball
3-0: Base on Balls
Batting: LHB Adam Eisen 0-0: Ball
1-0: Foul Ball, location: 2F
1-1: Called Strike
1-2: Ground out 4-3 (Groundball, 4, EV 95.6 MPH)
Bottom of the 7th over - 2 runs, 3 hits, 0 errors, 2 left on base; Oklahoma City 5 - Memphis 6
TOP OF THE 8TH
Oklahoma City Dodgers batting - Pitching for Memphis Redbirds : LHP Randolph Rayner
Now in LF: Pablo Nunez
Now in CF: Juan Martinez
Batting: LHB Darrell Ortega 0-0: Called Strike
0-1: Ball
1-1: Foul Ball, location: 2F
1-2: Foul Ball, location: 2F
1-2: Ball
2-2: Foul Ball, location: 2F
2-2: Ground out 6-3 (Groundball, 56, EV 98.8 MPH)
Batting: RHB Rick Pittman 0-0: Called Strike
0-1: Foul Ball, location: 2F
0-2: Foul Ball, location: 2F
0-2: Fly out, F8 (Flyball, 8RS, EV 97.5 MPH)
Batting: RHB Jose Ramirez 0-0: Ball
1-0: SINGLE (Groundball, 56D, EV 105.0 MPH)
Batting: RHB Theo Schepers 0-0: SINGLE (Line Drive, 9S, EV 103.8 MPH)
Jose Ramirez to second
Batting: LHB Steve Pond 0-0: Ball
1-0: Ball
2-0: Swinging Strike
2-1: Foul Ball, location: 2F
2-2: Ball
3-2: Strikes out swinging
Top of the 8th over - 0 runs, 2 hits, 0 errors, 2 left on base; Oklahoma City 5 - Memphis 6
BOTTOM OF THE 8TH
Memphis Redbirds batting - Pitching for Oklahoma City Dodgers : RHP André Gaillard
Pitching: LHP Ramon Escobedo
Batting: LHB Tsutomu Miyahara 0-0: Ball
1-0: DOUBLE (Popup, 3D, EV 45.0 MPH)
Batting: RHB Mark Cahill 0-0: Swinging Strike
0-1: Fly out, F8 (Flyball, 78D, EV 91.2 MPH)
Batting: RHB Andres Mendiola 0-0: Ground out 3-1 (Groundball, 34, EV 86.2 MPH)
Tsutomu Miyahara to third
Batting: RHB McGwire Jones 0-0: Ball
1-0: Ball
2-0: SINGLE (Groundball, 6S, EV 73.1 MPH) (infield hit)
Tsutomu Miyahara scores
Batting: RHB Pablo Nunez 0-0: Fly out, F9 (Flyball, 9D, EV 90.6 MPH)
Bottom of the 8th over - 1 run, 2 hits, 0 errors, 1 left on base; Oklahoma City 5 - Memphis 7
TOP OF THE 9TH
Oklahoma City Dodgers batting - Pitching for Memphis Redbirds : LHP Randolph Rayner
Pitching: RHP Joe Spencer
Batting: RHB Carlos Gonzalez 0-0: Ball
1-0: Swinging Strike
1-1: Called Strike
1-2: Ball
2-2: Ball
3-2: Strikes out swinging
Batting: RHB Tommy Hunter 0-0: Swinging Strike
0-1: Swinging Strike
0-2: DOUBLE (Groundball, 5L, EV 108.8 MPH)
Batting: RHB Alex Cid 0-0: Called Strike
0-1: Ground out 6-3 (Groundball, 6, EV 90.6 MPH)
Tommy Hunter to third
Batting: LHB Doug Frampton 0-0: Called Strike
0-1: Foul Ball, location: 2F
0-2: Strikes out looking
Top of the 9th over - 0 runs, 1 hit, 0 errors, 1 left on base; Oklahoma City 5 - Memphis 7
Sunday, July 16th , 2023 - OOTP Baseball 24.6 Build 69